 Dungeon Crawl Stone Soup version 0.29.1-12-g30fa7ad0bf (webtiles) character file.

Game seed: 17941458878774468381

29 Pilgrim the Chopper (level 3, -7/33 HPs)
             Began as a Hill Orc Monk on Dec 20, 2022.
             Mangled by a worm (9 damage)
             ... on level 2 of the Dungeon.
             The game lasted 00:04:26 (1345 turns).

Pilgrim the Chopper (Hill Orc Monk)                 Turns: 1345, Time: 00:04:26

Health: -7/33      AC:  2    Str: 21    XL:     3   Next: 16%
Magic:  3/3        EV: 12    Int: 16    God:
Gold:   97         SH:  0    Dex: 13    Spells: 2/2 levels left

rFire   . . .      SeeInvis .   a - +0 hand axe
rCold   . . .      Faith    .   (no shield)
rNeg    . . .      Spirit   .   b - +0 robe
rPois   .          Reflect  .   (no helmet)
rElec   .          Harm     .   (no cloak)
rCorr   .          Rampage  .   (no gloves)
Will    .....                   (no boots)
Stlth   ++........              (no amulet)
HPRegen 0.11/turn               f - +6 ring of intelligence
MPRegen 0.08/turn               h - +6 ring of strength

@: no status effects
A: no striking features
a: no special abilities


You were on level 2 of the Dungeon.
You visited 1 branch of the dungeon, and saw 2 of its levels.

You collected 97 gold pieces.

Inventory:

Hand Weapons
 a - a +0 hand axe (weapon)
Armour
 b - a +0 robe (worn)
Jewellery
 f - a +6 ring of intelligence (left hand)
 h - a +6 ring of strength (right hand)
Scrolls
 d - 6 scrolls of identify {unknown}
 e - a scroll of amnesia {unknown}
 g - a scroll of vulnerability {unknown}
 i - a scroll of enchant armour {unknown}
 k - a scroll of poison {unknown}
 l - a scroll of teleportation {unknown}
 o - a scroll of fear {unknown}
Potions
 c - a potion of ambrosia
 j - 2 potions of haste {unknown}
 m - a potion of magic {unknown}
 n - a potion of invisibility {unknown}


   Skills:
 + Level 4.1 Fighting
 + Level 4.7 Axes
 + Level 2.7 Dodging
 + Level 1.6 Stealth


You had 2 spell levels left.
You didn't know any spells.
Your spell library contained the following spells:

 Spells                   Type           Power      Damage    Failure   Level
 Ensorcelled Hibernation  Hex/Ice        0%         N/A       36%         2
 Passwall                 Tmut/Erth      0%         N/A       36%         2
 Scorch                   Fire           0%         2d5       36%         2
 Swiftness                Air            0%         N/A       58%         3
 Flame Wave               Conj/Fire      0%         2d4       94%         4
 Summon Cactus Giant      Summ           0%         N/A       100%        6


Dungeon Overview and Level Annotations

Branches:
Dungeon (2/15)

Altars:


Message History

The kobold closely misses you.
You hit the kobold.
The kobold is severely wounded.
You hit the worm. The worm bites you. The kobold hits you with a +0 whip.
The kobold attacks as you move away! The kobold barely misses you.
The kobold attacks as you move away! The kobold hits you with a +0 whip.
* * * LOW HITPOINT WARNING * * *
The quokka barely misses you.
The kobold throws a stone.
The stone hits you but does no damage. The quokka barely misses you.
The quokka attacks as you move away!
The quokka bites you but does no damage.
The quokka closely misses you.
You hit the quokka.
The quokka is almost dead.
The quokka barely misses you. The quokka bites you.
* * * LOW HITPOINT WARNING * * *
You closely miss the quokka.
The quokka is almost dead.
The quokka barely misses you.
You closely miss the quokka.
The quokka is almost dead.
The quokka bites you.
* * * LOW HITPOINT WARNING * * *
You slash the quokka!
You kill the quokka!
The kobold throws a stone.
The stone closely misses you. The kobold hits you with a +0 whip.
* * * LOW HITPOINT WARNING * * *
You closely miss the kobold.
The kobold is moderately wounded.
The kobold misses you.
You hit the kobold.
You kill the kobold!
Things that are here:
a +0 whip; a stone You hit the worm.
The worm is moderately wounded.
The worm bites you!
You die...

...## ##. .. #.#. ....###.# #.#
... ..#. ........# #.# ##.## #..8
....#.#.###.## #...# #.8. #
..#.#.#.<....## #...###...# #⌠
#...#.#.#.....# #......# #∩#..
....#.#.#.#...######....######..8
........#.....##...........##⌠.8.
........#.#.....@w...........#...
...............#..............###
....####.......#####.........##
##### #.##.##.# #...####.## #####
#.#..##.# #...# #.# ....#
#.#.###.# #...# ... ###.#
#.#.###.######.##.##.##
###.####....................#
#.............#####..........


You could see a worm.

Vanquished Creatures
  4 endoplasms
  2 giant cockroaches (D:1)
  2 goblins
  2 hobgoblins
  3 jackals (D:1)
  A quokka (D:2)
  3 bats
  A frilled lizard (D:1)
  5 kobolds
  2 rats (D:1)
25 creatures vanquished.

Notes
Turn   | Place    | Note
-------+----------+-------------------------------------------
     0 | D:1      | Pilgrim the Hill Orc Monk began the quest for the Orb.
     0 | D:1      | Reached XP level 1. HP: 19/19 MP: 1/1
   123 | D:1      | Reached XP level 2. HP: 14/27 MP: 2/2
  1230 | D:2      | Reached XP level 3. HP: 33/33 MP: 3/3
  1345 | D:2      | Mangled by a worm

Illustrated notes

Levels and vault maps discovered:
D:1:      dpeg_arrival_snail, layout_loops_ring
D:2:      layout_loops_cross, serial_shops, shop, shapermc_ecumenical_altar_venn

Skill      XL: |  1  2 |
---------------+-------+-----
Fighting       | 4 |  4.1
Axes           | |  4.7
Dodging        | |  2.7
Stealth        | |  1.6

Action                   || total
-------------------------++-------
Melee: Hand axe          ||    84
       Punch             ||     1
 Stab: Sleeping          ||     1
Armor: Robe              ||    21
Dodge: Dodged            ||    52
